 Dungeon Crawl Stone Soup version 0.29-a0-307-gecccbbdb84 (webtiles) character file.

Game seed: 12435905949255684000

3882 Dabor the Arsonist (level 10, 0/61 HPs)
             Began as an Octopode Fire Elementalist on Mar 27, 2022.
             Was an Initiate of Vehumet.
             Slain by a five-headed hydra skeleton (2 damage)
             ... animated by the malice of Kikubaaqudgha
             ... on level 8 of the Dungeon.
             The game lasted 00:11:45 (9394 turns).

Dabor the Arsonist (Octopode Fire Elementalist)     Turns: 9394, Time: 00:11:46

Health: 0/61       AC:  2    Str:  8    XL:     10   Next: 19%
Magic:  2/17       EV: 14    Int: 22    God:    Vehumet [......]
Gold:   294        SH:  4    Dex: 12    Spells: 9/19 levels left

rFire   . . .      SeeInvis .   y - +4 falchion
rCold   . . .      Faith    .   u - +0 buckler
rNeg    . . .      Spirit   .   b - +1 hat
rPois   .          Reflect  .   e - amulet of regeneration
rElec   .          Harm     .   v - ring of resist corrosion
rCorr   +          Rampage  .   (no ring)
Will    .....                   (no ring)
Stlth   ++++......              (no ring)
HPRegen 1.00/turn               (no ring)
MPRegen 0.15/turn               (no ring)
                                (no ring)
                                (no ring)

@: studying Fighting
A: almost no armour, amphibious, 8 rings, camouflage 1, gelatinous body 1,
(nimble swimmer 1), tentacles
a: Renounce Religion


You were on level 8 of the Dungeon.
You worshipped Vehumet.
Vehumet was noncommittal.
You visited 2 branches of the dungeon, and saw 9 of its levels.

You collected 294 gold pieces.

Inventory:

Hand Weapons
 d - a +5 dire flail
 h - a +1 short sword of electrocution
 y - a +4 falchion (weapon)
Armour
 b - a +1 hat (worn)
 u - a +0 buckler (worn)
Jewellery
 e - an amulet of regeneration (around mantle)
 v - a ring of resist corrosion (left tentacle)
 w - a +4 ring of evasion
Wands
 r - a wand of paralysis (14)
Scrolls
 g - 2 scrolls of torment
 i - 4 scrolls of noise
 j - 2 scrolls of teleportation
 n - a scroll of magic mapping
 p - 2 scrolls of fog
Potions
 a - 3 potions of magic
 c - 2 potions of heal wounds {unknown}
 f - a potion of attraction {unknown}
 k - 3 potions of degeneration {unknown}
 l - 4 potions of lignification {unknown}
 m - 2 potions of might {unknown}
 o - 2 potions of brilliance {unknown}
 s - a potion of cancellation {unknown}
 t - 2 potions of curing {unknown}


   Skills:
 + Level 2.6 Fighting
 + Level 5.8 Dodging
 - Level 6.0 Stealth
 + Level 2.8 Shields
 + Level 5.2 Spellcasting
 * Level 6.7 Conjurations
 * Level 8.1 Fire Magic
 + Level 3.9 Evocations


You had 9 spell levels left.
You knew the following spells:

 Your Spells              Type           Power      Damage    Failure   Level
a - Foxfire               Conj/Fire      100%       2x1d9     1%          1
b - Scorch                Fire           82%        2d9       1%          2
c - Conjure Flame         Conj/Fire      38%        6-21      1%          3
d - Flame Wave            Conj/Fire      38%        2d9       6%          4

Your spell library contained the following spells:

 Spells                   Type           Power      Damage    Failure   Level
 Inner Flame              Hex/Fire       23%        N/A       8%          3
 Animate Skeleton         Necr           10%        N/A       13%         1
 Pain                     Necr           20%        1d5       13%         1
 Summon Small Mammal      Summ           20%        N/A       13%         1
 Fireball                 Conj/Fire      19%        3d9       17%         5
 Corpse Rot               Necr/Air       10%        N/A       21%         2
 Sublimation of Blood     Necr           5%         N/A       21%         2
 Iskenderun's Battlesphe  Conj           35%        2d9       22%         5
 Call Canine Familiar     Summ           5%         N/A       36%         3
 Summon Guardian Golem    Hex/Summ       5%         N/A       36%         3
 Animate Dead             Necr           2%         N/A       78%         4
 Dispel Undead            Necr           5%         3d7       78%         4
 Excruciating Wounds      Necr           2%         N/A       98%         5
 Conjure Ball Lightning   Conj/Air       10%        3x3d6     99%         6
 Death Channel            Necr           2%         N/A       100%        6
 Simulacrum               Ice/Necr       2%         N/A       100%        6
 Orb of Destruction       Conj           17%        9d7       100%        7


Dungeon Overview and Level Annotations

Branches:
Dungeon (8/15)             Temple (1/1) D:7
   Lair: D:8-11

Altars:
Elyvilon
Fedhas
Gozag
Kikubaaqudgha
Makhleb
Nemelex Xobeh
Okawaru
Sif Muna
Trog
Uskayaw
Vehumet
Wu Jian
Yredelemnul
Zin
The Shining One

Shops:
D:1 [


Innate Abilities, Weirdness & Mutations

You cannot wear most types of armour.
You are amphibious.
You can wear up to eight rings at the same time.
Your skin changes colour to match your surroundings (Stealth+).
Your rubbery body absorbs attacks. (AC +1, EV +1)
((You are camouflaged when in or above water. (Stealth+)))
You have tentacles for arms and can constrict up to eight enemies at once.


Message History

You conjure some foxfire!
The foxfire hits the five-headed hydra skeleton.
The five-headed hydra skeleton is moderately damaged.
The foxfire hits the five-headed hydra skeleton.
The five-headed hydra skeleton is moderately damaged.
The five-headed hydra skeleton bites you.
The five-headed hydra skeleton bites you!
The five-headed hydra skeleton misses you.
You block the five-headed hydra skeleton's attack.
The five-headed hydra skeleton barely misses you.
Casting: Foxfire (safe; 1% risk of failure)
Confirm with . or Enter, or press ? or * to list all spells.
Flames lash the five-headed hydra skeleton.
The five-headed hydra skeleton is moderately damaged.
The five-headed hydra skeleton's fire resistance burns away.
The foxfire hits the five-headed hydra skeleton!
The five-headed hydra skeleton is burned terribly!
The five-headed hydra skeleton is heavily damaged.
The foxfire hits the five-headed hydra skeleton.
The five-headed hydra skeleton is burned terribly!
The five-headed hydra skeleton is heavily damaged.
Casting: Scorch (safe; 1% risk of failure)
Confirm with . or Enter, or press ? or * to list all spells.
Flames lash the five-headed hydra skeleton.
The five-headed hydra skeleton is burned terribly!
The five-headed hydra skeleton is severely damaged.
You block the five-headed hydra skeleton's attack.
The five-headed hydra skeleton bites you!
You block the five-headed hydra skeleton's attack.
The five-headed hydra skeleton bites you!
* * * LOW HITPOINT WARNING * * *
The five-headed hydra skeleton bites you!
* * * LOW HITPOINT WARNING * * *
Casting: Scorch (safe; 1% risk of failure)
Confirm with . or Enter, or press ? or * to list all spells.
Flames lash the five-headed hydra skeleton.
The five-headed hydra skeleton is burned terribly!
The five-headed hydra skeleton is almost destroyed.
The five-headed hydra skeleton bites you.
You die...

#.........)..)[.......
#.......#####........#
#....).## ##.........#
......## ##.........##
.....# ##..........##
....# #............#
..# ###..........#
##.........#
###..@..### ##Z####
#.)# #.## .. ..# ...
.... .....


You could see a five-headed hydra skeleton (combustible).

Vanquished Creatures
  Pikel (D:7)
  A troll (D:7)
  Sigmund (D:4)
  A wyvern (D:7)
  A water moccasin (D:6)
  Edmund (D:5)
  An ice beast (D:7)
  A sky beast (D:7)
  2 black bears
  A centaur (D:8)
  A lemure (D:7)
  Blork the orc (D:6)
  A kobold brigand (D:7)
  A bullfrog (D:6)
  2 necrophages
  A water moccasin zombie (D:7)
  4 scorpions
  15 wights
  A centaur zombie (D:7)
  2 jellies (D:6)
  2 bullfrog zombies (D:7)
  3 orc priests
  7 hounds
  A human zombie (D:7)
  4 iguanas
  3 orc wizards
  A mummy (D:7)
  A howler monkey zombie (D:7)
  11 adders
  2 white imps
  2 ufetubi
  A worm (D:5)
  22 orcs
  6 ball pythons
  7 endoplasms
  7 giant cockroaches
  11 hobgoblins
  4 jackals (D:4)
  4 quokkas
  2 bats
  2 frilled lizards (D:2)
  3 goblins
  4 kobolds
  3 rats
153 creatures vanquished.

Vanquished Creatures (others)
  616 foxfires
616 creatures vanquished.

Grand Total: 769 creatures vanquished

Notes
Turn   | Place    | Note
-------+----------+-------------------------------------------
     0 | D:1      | Dabor the Octopode Fire Elementalist began the quest for
                  | the Orb.
     0 | D:1      | Reached XP level 1. HP: 11/11 MP: 3/3
   351 | D:1      | Reached XP level 2. HP: 17/17 MP: 0/5
   663 | D:1      | Found Gipuxeph's Antique Armour Shoppe.
   879 | D:1      | Found a faded altar of an unknown god.
  1188 | D:1      | Prayed at the altar of an unknown god.
  1188 | D:1      | Became a worshipper of Kikubaaqudgha
  1188 | D:1      | Reached * piety under Kikubaaqudgha
  1188 | D:1      | Received a gift from Kikubaaqudgha
  1300 | D:2      | Reached XP level 3. HP: 12/21 MP: 6/6
  1812 | D:2      | Reached XP level 4. HP: 27/27 MP: 7/7
  2328 | D:3      | Found an opulent altar of Gozag.
  2389 | D:3      | Reached ** piety under Kikubaaqudgha
  2690 | D:3      | Found a glowing silver altar of Zin.
  2940 | D:4      | Learned a level 2 spell: Scorch
  2947 | D:4      | Reached XP level 5. HP: 25/31 MP: 4/9
  3314 | D:4      | Found an iron altar of Okawaru.
  3345 | D:4      | Reached skill level 4 in Fire Magic
  3447 | D:4      | Noticed a black bear
  3452 | D:4      | Killed a black bear
  3453 | D:4      | Reached XP level 6. HP: 36/36 MP: 3/10
  4043 | D:4      | Noticed Sigmund
  4052 | D:4      | Killed Sigmund
  4053 | D:4      | Reached skill level 5 in Stealth
  4053 | D:4      | Reached skill level 5 in Fire Magic
  4053 | D:4      | Reached XP level 7. HP: 41/41 MP: 3/12
  4213 | D:4      | Found a glowing golden altar of the Shining One.
  4347 | D:5      | Entered Level 5 of the Dungeon
  4902 | D:5      | Reached *** piety under Kikubaaqudgha
  4902 | D:5      | Received a gift from Kikubaaqudgha
  4941 | D:5      | Noticed Edmund
  4950 | D:5      | Killed Edmund
  5043 | D:5      | Reached XP level 8. HP: 46/46 MP: 5/13
  5396 | D:5      | Found a hide-covered altar of Uskayaw.
  5631 | D:5      | Learned a level 3 spell: Conjure Flame
  5636 | D:5      | Learned a level 4 spell: Flame Wave
  5724 | D:6      | Reached skill level 6 in Fire Magic
  6109 | D:6      | Reached skill level 1 in Evocations
  6365 | D:6      | Noticed Blork the orc
  6369 | D:6      | Killed Blork the orc
  7084 | D:6      | Reached skill level 5 in Conjurations
  7084 | D:6      | Reached XP level 9. HP: 40/51 MP: 9/15
  7326 | D:7      | Found a sparkling altar of Nemelex Xobeh.
  7499 | D:7      | Reached skill level 5 in Dodging
  7546 | D:7      | Reached skill level 7 in Fire Magic
  7646 | D:7      | Reached **** piety under Kikubaaqudgha
  7647 | D:7      | Reached skill level 1 in Shields
  7701 | D:7      | Found an ancient bone altar of Kikubaaqudgha.
  7887 | D:7      | Found a blossoming altar of Fedhas.
  8021 | D:7      | Noticed Pikel
  8046 | D:7      | Killed Pikel
  8254 | D:7      | Reached skill level 1 in Fighting
  8272 | D:7      | Reached skill level 5 in Spellcasting
  8419 | D:7      | Noticed a troll
  8425 | D:7      | Killed a troll
  8426 | D:7      | Reached XP level 10. HP: 58/60 MP: 8/17
  8619 | D:7      | Reached skill level 8 in Fire Magic
  8756 | D:7      | Found a staircase to the Ecumenical Temple.
  8876 | Temple   | Entered the Ecumenical Temple
  8936 | Temple   | Fell from the grace of Kikubaaqudgha
  8936 | Temple   | Became a worshipper of Vehumet
  9393 | D:8      | HP: 1/61 [five-headed hydra skeleton[the malice of
                  | Kikubaaqudgha] (11)]
  9394 | D:8      | Slain by a five-headed hydra skeleton

Illustrated notes

Levels and vault maps discovered:
D:1:      pf_arrival_petrified_forest, layout_rooms, serial_shops, shop,
          shapermc_ecumenical_altar_mp_ritualfount
D:2:      layout_rooms, serial_park_tiny_2
D:3:      layout_loops_corners, zin_academy, mainiacjoe_overflow_small_starburst
D:4:      layout_loops_ring, mainiacjoe_overflow_tiny_flanked,
          kennysheep_little_box, serial_glass, glass_columns_b, glass_columns_b,
          glass_columns_a, feat_on_display, uniq_sigmund
D:5:      layout_rooms, mainiacjoe_overflow_paths, uniq_edmund
D:6:      layout_loops_ring, uniq_blork_the_orc
D:7:      layout_loops_corners, kennysheep_mini,
          lemuel_mausoleum_altar_kikubaaqudgha, fedhas_ov_isle_minmay,
          minmay_temple_entry_nine_rooms, minmay_manual_maat, uniq_pikel
D:8:      layout_cave_pods, lemuel_crystal_altar, serial_shops,
          nicolae_shop_bloodbath_and_beyond, kennysheep_dice
Temple:   compressed_dpeg_triangle_lava_temple

Skill      XL: |  1  2  3  4  5  6  7  8  9 10 |
---------------+-------------------------------+-----
Stealth        | 3 4 5 6 |  6.0
Conjurations   | 2 3 5 6 |  6.7
Dodging        | 3 4 5 |  5.8
Fire Magic     | 4 5 6 7 8 |  8.1
Spellcasting   | 3 4 5 |  5.2
Evocations     | 2 3 |  3.9
Shields        | 2 |  2.8
Fighting       | 1 2 |  2.6

Action                   |  1- 3 |  4- 6 |  7- 9 | 10-12 || total
-------------------------+-------+-------+-------+-------++-------
Melee: Unarmed           |    36 |       |       |       ||    36
       Tentacles         |     9 |     8 |    11 |     1 ||    29
       Constrict         |     9 |     9 |    12 |     2 ||    32
       Punch             |     1 |       |     2 |       ||     3
       Short sword       |     3 |    51 |    37 |     8 ||    99
 Cast: Foxfire           |    76 |    57 |   181 |    67 ||   381
       Scorch            |       |    14 |    45 |     8 ||    67
       Conjure Flame     |       |       |     1 |     1 ||     2
  Use: Scroll            |       |       |     4 |     2 ||     6
 Stab: Sleeping          |       |     8 |     1 |       ||     9
Armor: Skin              |     1 |       |     1 |       ||     2
Dodge: Dodged            |    26 |    41 |    29 |     9 ||   105
Block: Buckler           |       |       |     8 |     6 ||    14

Table legend: (Time is in decaauts)
 A = Elapsed time spent in this place.
 B = Non-inter-level travel time spent in this place.
 C = Inter-level travel time spent in this place.
 D = Time resting spent in this place.
 E = Time spent auto-exploring this place.
 F = Levels seen in this place.
 G = Mean time per level.
                   A        B        C        D        E       F      G
               +--------+--------+--------+--------+--------+-----+--------+
         Total |   9403 |   9110 |    293 |   1173 |   6764 |   9 | 1044.8 |
       Dungeon |   9332 |   9049 |    283 |   1173 |   6726 |   8 | 1166.5 |
        Temple |     70 |     60 |     10 |      0 |     38 |   1 |   70.0 |
               +--------+--------+--------+--------+--------+-----+--------+

Top non-repeatable levels by time:
     D:4: 1708 daAuts
     D:7: 1673 daAuts
     D:6: 1616 daAuts
     D:1: 1206 daAuts
     D:5: 1047 daAuts
     D:2: 922 daAuts
     D:3: 763 daAuts
     D:8: 395 daAuts
  Temple: 70 daAuts
